 Dungeon Crawl Stone Soup version 0.29.1-15-g9cfb28693d (webtiles) character file.

Game seed: 5219165559975067825

324 bnorton916 the Magician (level 6, -7/32 HPs)
             Began as a Deep Elf Fire Elementalist on Feb 27, 2023.
             Killed by divine providence
             ... invoked by an orc priest
              (14 damage)
             ... on level 4 of the Dungeon.
             The game lasted 00:05:04 (3456 turns).

bnorton916 the Magician (DEFE)                      Turns: 3456, Time: 00:05:05

Health: -7/32      AC:  2    Str:  5    XL:     6   Next: 23%
Magic:  11/17      EV: 12    Int: 22    God:
Gold:   116        SH:  0    Dex: 15    Spells: 8/17 levels left

rFire   . . .      SeeInvis .   (no weapon)
rCold   . . .      Faith    .   (no shield)
rNeg    + . .      Spirit   .   a - +0 robe
rPois   .          Reflect  .   (no helmet)
rElec   .          Harm     .   (no cloak)
rCorr   .          Rampage  .   (no gloves)
Will    .....                   (no boots)
Stlth   ++........              (no amulet)
HPRegen 0.10/turn               k - ring of positive energy
MPRegen 0.15/turn               (no ring)

@: studying Spellcasting
A: no striking features
a: no special abilities


You were on level 4 of the Dungeon.
You visited 1 branch of the dungeon, and saw 5 of its levels.

You collected 116 gold pieces.

Inventory:

Missiles
 m - 2 poisoned darts
Armour
 a - a +0 robe (worn)
 h - a +3 ring mail
Jewellery
 k - a ring of positive energy (left hand)
 l - a ring of willpower
Scrolls
 c - 2 scrolls of blinking
 d - 2 scrolls of noise
 g - a scroll of teleportation
 i - a scroll of enchant weapon {unknown}
 j - a scroll of amnesia {unknown}
 n - a scroll of fear {unknown}
 o - a scroll of enchant armour {unknown}
Potions
 b - a potion of magic
 e - a potion of heal wounds {unknown}
 f - a potion of might


   Skills:
 - Level 2.4 Dodging
 - Level 2.4 Stealth
 + Level 6.4 Spellcasting
 + Level 3.6 Conjurations
 + Level 3.3 Hexes
 + Level 4.9 Fire Magic


You had 8 spell levels left.
You knew the following spells:

 Your Spells              Type           Power      Damage    Failure   Level
a - Foxfire               Conj/Fire      100%       2x1d9     1%          1
b - Scorch                Fire           56%        2d7       1%          2
c - Conjure Flame         Conj/Fire      25%        6-21      4%          3
d - Tukima's Dance        Hex            21%        N/A       7%          3

Your spell library contained the following spells:

 Spells                   Type           Power      Damage    Failure   Level
 Inner Flame              Hex/Fire       25%        N/A       4%          3
 Poisonous Vapours        Pois/Air       14%        N/A       13%         2
 Flame Wave               Conj/Fire      25%        2d8       16%         4
 Corpse Rot               Necr/Pois/Air  7%         N/A       65%         4
 Passage of Golubria      Tloc           7%         N/A       65%         4
 Yara's Violent Unravell  Hex/Tmut       7%         3d5       77%         5


Dungeon Overview and Level Annotations

Branches:
Dungeon (5/15)
 Temple: D:4-7

Altars:

Shops:
D:2 [?*   D:4 [


Message History

An orc comes into view.
It is wielding a +2 falchion of flaming.
Found a stone staircase leading down.
Found Meruidgh's Antique Armour Boutique.
Found 4 gold pieces.
Casting: Foxfire (safe; 1% risk of failure)
Confirm with . or Enter, or press ? or * to list all spells.
Flames lash the orc.
You kill the orc!
An orc comes into view. It is wielding a +0 flail.
Casting: Scorch (safe; 1% risk of failure)
Confirm with . or Enter, or press ? or * to list all spells.
Flames lash the orc.
The orc is moderately wounded.
The orc's fire resistance burns away.
An orc priest comes into view. It is wielding a +0 whip.
Casting: Scorch (safe; 1% risk of failure)
Confirm with . or Enter, or press ? or * to list all spells.
Flames lash the orc priest.
The orc priest is severely wounded.
The orc priest's fire resistance burns away.
The orc closely misses you.
The orc is no longer more vulnerable to fire.
The orc misses you. The orc attacks as you move away!
The orc closely misses you.
The orc priest mumbles some strange prayers to Beogh against you.
Beogh smites you!
Casting: Scorch (safe; 1% risk of failure)
Confirm with . or Enter, or press ? or * to list all spells.
You conjure some foxfire!
The orc priest is no longer more vulnerable to fire.
The orc priest calls down the wrath of Beogh upon you.
Beogh smites you!
* * * LOW HITPOINT WARNING * * *
The foxfire hits the orc but does no damage.
The orc is lightly wounded.
The foxfire hits the orc but does no damage.
The orc is lightly wounded.
The orc priest mumbles some strange prayers to Beogh against you.
Beogh smites you!
You die...

#.>.# # #...# ##$.
#.#####..... #
#.....)# .#
#########.# #o# ..#
..........# #.# ..#
.......## #.# ..#
........## ##.#..#
#....##..######o@ยง.#
#.######...##...####
#)# ###....#.# #)#
###.....# #.#
#.....### ..#
#####.......#
.####...........#
......###....)###
.###### #####.##


You could see an orc priest and an orc.

Vanquished Creatures
  Menkaure (D:5)
  A scorpion (D:4)
  An orc priest (D:4)
  3 gnolls (D:2)
  An adder (D:4)
  2 worms (D:2)
  3 dart slugs
  4 orcs
  2 ball pythons (D:2)
  3 endoplasms
  4 giant cockroaches
  4 goblins
  7 hobgoblins
  6 jackals
  5 kobolds
  3 bats
  3 frilled lizards
  9 rats
62 creatures vanquished.

Vanquished Creatures (others)
  246 foxfires
246 creatures vanquished.

Grand Total: 308 creatures vanquished

Notes
Turn   | Place    | Note
-------+----------+-------------------------------------------
     0 | D:1      | bnorton916 the Deep Elf Fire Elementalist began the quest
                  | for the Orb.
     0 | D:1      | Reached XP level 1. HP: 10/10 MP: 6/6
   250 | D:1      | Reached XP level 2. HP: 15/15 MP: 4/8
  1390 | D:2      | Reached XP level 3. HP: 19/19 MP: 7/10
  1531 | D:1      | Learned a level 2 spell: Scorch
  1535 | D:1      | Learned a level 3 spell: Conjure Flame
  1539 | D:1      | Learned a level 3 spell: Tukima's Dance
  1643 | D:2      | Found Oraileuv's General Store.
  1994 | D:2      | Reached skill level 4 in Spellcasting
  2191 | D:2      | Found Bajaups's Magic Scroll Shoppe.
  2202 | D:2      | Reached skill level 1 in Hexes
  2368 | D:2      | Reached XP level 4. HP: 24/24 MP: 8/12
  2555 | D:2      | Found Eninwewn's Armour Shop.
  2664 | D:2      | Found a faded altar of an unknown god.
  3016 | D:3      | You fall into a shaft and drop 2 floors!
  3016 | D:5      | Entered Level 5 of the Dungeon
  3019 | D:5      | Noticed Menkaure
  3024 | D:5      | Killed Menkaure
  3025 | D:5      | Reached skill level 5 in Spellcasting
  3025 | D:5      | Reached XP level 5. HP: 28/28 MP: 9/15
  3086 | D:5      | Noticed a black bear
  3142 | D:4      | Reached skill level 6 in Spellcasting
  3142 | D:4      | Reached XP level 6. HP: 31/32 MP: 11/17
  3443 | D:4      | Found Meruidgh's Antique Armour Boutique.
  3456 | D:4      | Killed from afar by an orc priest

Illustrated notes

Levels and vault maps discovered:
D:1:      lemuel_arrival_rhombus, layout_basic
D:2:      layout_basic, ebering_ecumenical_altar_webs, serial_shops, shop,
          shop_statue, nicolae_shop_advertising_works
          [nicolae_subvault_shop_adworks], minmay_pentomino_pile
D:3:      layout_basic, gammafunk_ghost_nasty_kobolds, uniq_natasha, uniq_ijyb,
          uniq_sigmund
D:4:      layout_rooms, nicolae_overflow_crystal_walls, zin_angel, slow_altar_2,
          temple_fountains, serial_shops, nicolae_take_the_stairs
D:5:      layout_cave_pools, uniq_menkaure

Skill      XL: |  1  2  3  4  5 |
---------------+----------------+-----
Conjurations   | 2 3 |  3.6
Spellcasting   | 4 5 6 |  6.4
Fire Magic     | 4 |  4.9
Hexes          | 1 2 3 |  3.3
Dodging        | |  2.4
Stealth        | |  2.4

Action                   |  1- 3 |  4- 6 || total
-------------------------+-------+-------++-------
Melee: Unarmed           |     1 |       ||     1
 Cast: Foxfire           |   116 |    31 ||   147
       Scorch            |     8 |    11 ||    19
  Use: Scroll            |       |     5 ||     5
Armor: Robe              |     4 |       ||     4
Dodge: Dodged            |    13 |     9 ||    22
